cohdb
Replays
Latest Replays
All Replays
Popular Replays
Top Player Replays
Match Explorer
How It Works
Community
CoH3 Stats
Reddit
Sign in to upload your games and track your stats! →
Sign in with Steam
Match 44753181
Unlisted
Match 44753181
Overview
Messages
Build Orders
End
Selects Luftwaffe Battlegroup
Selects Luftwaffe Pioneer Support
Fallschirmpioneer Squad Paradrop
Construct Infanterie Kompanie
Fallschirmpioneer Squad Paradrop
Selects Flak 38 Anti-Air Emplacement
Medical Station
Fallschirmpioneer Squad Paradrop
Fallschirmpioneer Squad Paradrop
Construct Luftwaffe Kompanie
Fallschirmpioneer Squad Paradrop
Support Elements
Selects Infantry Reserves
asunea
Bootyquake
0
0
Comments
sign in to comment!
No comments posted yet!